 Dungeon Crawl Stone Soup version 0.27.1-2-g3b301248ec (webtiles) character file.

Game seed: 18024849117788858275

167 GameOver the Conjurer (level 5, -2/42 HPs)
             Began as a Naga Hedge Wizard on Oct 3, 2021.
             Slain by an orc (3 damage)
             ... on level 3 of the Dungeon.
             The game lasted 00:09:54 (2377 turns).

GameOver the Conjurer (Naga Hedge Wizard)           Turns: 2377, Time: 00:09:54

Health: -2/42      AC:  3    Str: 12    XL:     5   Next: 48%
Magic:  3/9        EV:  9    Int: 15    God:
Gold:   109        SH:  0    Dex: 11    Spells: 4/10 levels left

rFire    . . .     SeeInvis +   a - +1 whip (drain)
rCold    . . .     Faith    .   (no shield)
rNeg     . . .     Spirit   .   b - +0 robe
rPois    +         Reflect  .   c - +0 helmet
rElec    .         Harm     .   (no cloak)
rCorr    .         Rampage  .   (no gloves)
Will     .....                  (no barding)
Stlth    +.........             (no amulet)
HPRegen  0.14/turn              (no ring)
MPRegen  0.11/turn              (no ring)

@: mighty, silenced, weak-willed, very slow
A: AC +1, large, see invisible, deformed body, poison resistance, slowness 2,
spit poison 1, naga tail 1
a: Spit Poison


You were on level 3 of the Dungeon.
You visited 1 branch of the dungeon, and saw 3 of its levels.

You collected 109 gold pieces.

Inventory:

Hand Weapons
 a - a +1 whip of draining (weapon)
Armour
 b - a +0 robe (worn)
 c - a +0 helmet (worn)
 g - a +0 kite shield
Jewellery
 i - a ring of ice
 m - a ring of flight
Scrolls
 n - a scroll of teleportation {unknown}


   Skills:
 - Level 1.5 Dodging
 - Level 3.0 Stealth
 - Level 3.0 Spellcasting
 * Level 5.2 Conjurations
 - Level 1.0 Summonings
 - Level 1.0 Translocations


You had 4 spell levels left.
You knew the following spells:

 Your Spells              Type           Power      Damage    Failure   Level
a - Magic Dart            Conj           68%        1d6       2%          1
b - Blink                 Tloc           N/A        N/A       21%         2
d - Mephitic Cloud        Conj/Pois/Air  7%         N/A       30%         3

Your spell library contained the following spells:

 Spells                   Type           Power      Damage    Failure   Level
 Call Imp                 Summ           5%         N/A       21%         2
 Conjure Flame            Conj/Fire      10%        6-21      21%         3
 Slow                     Hex            2%         N/A       30%         2


Dungeon Overview and Level Annotations

Branches:
Dungeon (3/15)

Altars:


Innate Abilities, Weirdness & Mutations

Your serpentine skin is tough. (AC +1)
You have supernaturally acute eyesight. (SInv)
Armour fits poorly on your strangely shaped body.
Your system is resistant to poisons. (rPois)
You cover ground very slowly.
You can spit poison.
You have a snake-like lower body.


Message History

The orc hits you with a +0 dagger.
* * * LOW HITPOINT WARNING * * *
The orc barely misses you. The orc hits you with a +0 club.
* * * LOW HITPOINT WARNING * * *
Okay, then.
Okay, then.
As you read the scroll labelled ZIATOI XUHE, it crumbles to dust.
It is a scroll of enchant weapon.
Your +0 whip of draining glows red for a moment.
The orc barely misses you.
Your magical contamination has completely faded away.
As you read the scroll labelled IMME ZASHRUWN, it crumbles to dust.
You hear a loud clanging noise!
It was a scroll of noise.
The orc barely misses you.
As you read the scroll labelled UBLUCSUGIE, it crumbles to dust.
Magic quickly surges around you.
It was a scroll of vulnerability.
The orc closely misses you.
As you read the scroll labelled ESYTUTS HEOXZO, it crumbles to dust.
A profound silence engulfs you.
It was a scroll of silence.
The orc hits you but does no damage.
Magic scrolls do not work when you're silenced!
You feel very mighty all of a sudden. The orc hits you with a +0 club.
* * * LOW HITPOINT WARNING * * *
You whack the orc!
You kill the orc!
You hit the orc. You drain the orc.
The orc is almost dead.
The orc hits you with a +0 dagger.
* * * LOW HITPOINT WARNING * * *
The orc hits you but does no damage.
You closely miss the orc.
The orc is almost dead.
The orc hits you with a +0 dagger.
* * * LOW HITPOINT WARNING * * *
You hit the orc but do no damage.
The orc is almost dead.
The orc hits you with a +0 dagger.
You die...

.....####...# #####...# ##..
##### ###.## #.#.## ##.<.
#..# #....####.... . ##.###
##.........## ...
#...#######.o.........
.....#####.........#...#..##.
......†......†.#####.....####
.....#########o......#..## #
... #..@og.....###.# # .
#...########.###.# ## #.#
#.....####. .. ####....... #
#........ ###.###.... #...#
##### #.### ##.#


You could see an orc priest, an orc (weak-willed, drained) and a goblin.

Vanquished Creatures
  Jessica (D:2)
  Robin (D:2)
  3 adders (D:2)
  3 worms (D:2)
  4 dart slugs
  An orc (D:3)
  5 ball pythons
  11 endoplasms
  6 giant cockroaches
  13 goblins
  6 hobgoblins
  5 jackals
  4 kobolds
  A quokka (D:1)
  7 bats
  A frilled lizard (D:1)
  6 rats
78 creatures vanquished.

Vanquished Creatures (others)
  A hobgoblin (D:3)
  2 plants (D:2)
3 creatures vanquished.

Grand Total: 81 creatures vanquished

Notes
Turn   | Place    | Note
-------+----------+-------------------------------------------
     0 | D:1      | GameOver the Naga Hedge Wizard began the quest for the Orb.
     0 | D:1      | Reached XP level 1. HP: 15/15 MP: 4/4
   209 | D:1      | Reached skill level 2 in Conjurations
   209 | D:1      | Reached XP level 2. HP: 22/22 MP: 3/6
   608 | D:1      | Reached XP level 3. HP: 28/28 MP: 7/7
   667 | D:1      | Reached skill level 3 in Conjurations
   913 | D:2      | Noticed Jessica
   917 | D:2      | Killed Jessica
   918 | D:2      | Reached XP level 4. HP: 36/36 MP: 4/8
   966 | D:2      | Reached skill level 4 in Conjurations
  1104 | D:2      | Learned a level 2 spell: Blink
  1108 | D:2      | Learned a level 3 spell: Mephitic Cloud
  1559 | D:2      | Noticed Robin
  1583 | D:2      | Killed Robin
  1584 | D:2      | Reached XP level 5. HP: 30/42 MP: 3/9
  1995 | D:2      | Reached skill level 5 in Conjurations
  2376 | D:3      | HP: 1/42 [orc (2)]
  2377 | D:3      | Slain by an orc

Illustrated notes

Levels and vault maps discovered:
D:1:      ebering_trefoil_3fold, layout_basic, minmay_close_crescents
D:2:      layout_loops_corners, serial_bayou_pond_b, kennysheep_generic_room_13,
          uniq_jessica, uniq_robin
D:3:      layout_rooms, hellmonk_ecumenical_altar_slurped_away,
          hangedman_decor_peaks_small, hangedman_abyss_or_decor_stabs

Skill      XL: |  1  2  3  4  5 |
---------------+----------------+-----
Conjurations   | 2 3 4 5 |  5.2
Dodging        | |  1.5
Stealth        | |  3.0
Spellcasting   | |  3.0
Summonings     | |  1.0
Translocations | |  1.0

Action                   |  1- 3 |  4- 6 || total
-------------------------+-------+-------++-------
Melee: Whip              |     2 |    13 ||    15
 Cast: Magic Dart        |    37 |    76 ||   113
       Blink             |       |     2 ||     2
 Abil: Spit Poison       |    28 |    34 ||    62
  Use: Scroll            |       |     6 ||     6
       Potion            |       |     3 ||     3
Armor: Robe              |     1 |    13 ||    14
Dodge: Dodged            |     5 |    25 ||    30
